AoeStats
← Your Mom

Arena

509202264Analyzed
3v3 RM · 7d ago on Sep 25, 2026· 77m 20s· 6 players
Game mode
Random Map
Map size
Normal (6 player)
Population
200
Speed
Normal
Resources
Standard
Victory
Conquest
Starting age
Dark Age
Ending age
Imperial Age
RankedLock teamsTeams togetherTeam positionsShared explorationLock speedFull tech treeHidden civsTurbo modeCheats
Victory
Defeat
🇩🇪 Khmer · Germany
1031
+6
🇩🇪 Teutons · Germany
759
+26
🇩🇪 Magyars · Germany
708
+17
🇺🇸 Wu · United States
774
-13
🇩🇪 Franks · Germany
763
-13
🇧🇴 Teutons · Bolivia
744
-12
Cypress Fever
0:27 Loom
12:18 Feudal Age
13:57 Wheelbarrow
15:37 Horse Collar
15:45 Double-Bit Axe
23:23 Castle Age
22:11 Stone Mining
22:23 Gold Mining
25:41 Bow Saw
25:59 Fletching
26:10 Padded Archer Armor
26:11 Scale Mail Armor
26:22 Forging
26:47 Hand Cart
35:42 Imperial Age
34:12 Bodkin Arrow
34:33 Leather Archer Armor
34:15 Pikeman
35:18 Squires
35:04 Arson
35:59 Iron Casting
36:01 Elite Skirmisher
37:24 Sitting Tiger
36:53 Halberdier
39:13 Chemistry
38:34 Ballistics
38:22 Siphons
37:59 Treadmill Crane
39:05 Bracer
40:06 Blast Furnace
39:22 Chain Mail Armor
40:28 Gold Shaft Mining
40:30 Heated Shot
40:21 Elite Fire Archer
46:06 Conscription
53:11 Crossbowman
Your Mom
0:27 Loom
11:08 Feudal Age
11:53 Double-Bit Axe
15:28 Wheelbarrow
16:05 Gold Mining
24:14 Castle Age
25:07 Bow Saw
24:37 Pikeman
25:18 Squires
25:24 Stone Mining
30:27 Imperial Age
32:16 Conscription
32:49 Husbandry
33:06 Cavalier
34:04 Chivalry
36:16 Gold Shaft Mining
38:08 Hand Cart
38:14 Caravan
40:31 Scale Barding Armor
40:37 Forging
40:27 Scale Mail Armor
40:18 Fletching
40:55 Paladin
45:29 Iron Casting
45:14 Chain Barding Armor
45:11 Chain Mail Armor
46:11 Capped Ram
52:33 Halberdier
55:17 Elite Throwing Axeman
60:21 Light Cavalry
61:41 Plate Barding Armor
62:07 Blast Furnace
davidbanegasr
9:56 Feudal Age
11:17 Wheelbarrow
10:30 Double-Bit Axe
10:53 Horse Collar
19:08 Town Watch
24:35 Castle Age
23:01 Stone Mining
23:21 Gold Mining
26:35 Hand Cart
26:23 Heavy Plow
26:37 Bow Saw
33:21 Pikeman
38:19 Fortified Wall
41:37 Imperial Age
41:42 Onager
44:07 Chemistry
46:17 Siege Onager
49:20 Two-Man Saw
58:39 Siege Engineers
59:43 Crop Rotation
Juda
8:52 Loom
10:42 Feudal Age
14:00 Castle Age
12:16 Double-Bit Axe
15:12 Bow Saw
24:50 Wheelbarrow
24:54 Gold Mining
28:49 Imperial Age
27:04 Scale Barding Armor
27:37 Forging
27:53 Horse Collar
28:37 Hand Cart
28:55 Bloodlines
29:09 Chain Barding Armor
28:54 Husbandry
28:51 Stone Mining
31:00 Gold Shaft Mining
31:05 Conscription
31:33 Iron Casting
31:34 Plate Barding Armor
31:20 Fletching
31:32 Elite Battle Elephant
33:58 Blast Furnace
34:03 Bodkin Arrow
34:10 Town Watch
34:33 Tusk Swords
35:32 Hoardings
35:11 Padded Archer Armor
35:33 Double Crossbow
37:00 Ballistics
37:44 Chemistry
37:12 Bracer
37:29 Leather Archer Armor
37:31 Heavy Plow
38:18 Stone Shaft Mining
39:29 Ring Archer Armor
39:25 Masonry
39:23 Siege Engineers
40:17 Crop Rotation
39:11 Elite Ballista Elephant
41:16 Town Patrol
41:51 Architecture
41:17 Murder Holes
41:38 Heavy Scorpion
43:15 Fortified Wall
43:10 Caravan
42:47 Pikeman
47:38 Scale Mail Armor
52:02 Light Cavalry
54:13 Chain Mail Armor
53:42 Hussar
57:34 Coinage
56:55 Arson
57:28 Capped Ram
63:04 Halberdier
ScharfRichter
12:23 Feudal Age
18:02 Castle Age
16:14 Horse Collar
21:43 Wheelbarrow
23:23 Heavy Plow
23:26 Double-Bit Axe
26:38 Hand Cart
27:54 Caravan
28:02 Gold Mining
30:24 Scale Mail Armor
30:30 Scale Barding Armor
30:32 Stone Mining
30:59 Town Watch
34:21 Imperial Age
33:16 Chain Mail Armor
33:21 Chain Barding Armor
33:40 Gold Shaft Mining
33:19 Bow Saw
34:22 Town Patrol
34:09 Loom
36:34 Chemistry
35:59 Ballistics
35:07 Man-at-Arms
36:55 Plate Barding Armor
36:20 Padded Archer Armor
36:13 Fletching
37:48 Long Swordsman
37:49 Pikeman
38:14 Arson
39:05 Crop Rotation
38:50 Corvinian Army
38:12 Elite Magyar Huszar
39:16 Conscription
38:33 Halberdier
38:34 Two-Handed Swordsman
41:02 Bloodlines
40:54 Husbandry
40:16 Light Cavalry
42:04 Siege Engineers
41:45 Treadmill Crane
42:16 Siege Engineers
41:37 Hussar
42:29 Champion
43:52 Bodkin Arrow
44:13 Leather Archer Armor
44:41 Recurve Bow
45:11 Masonry
45:02 Murder Holes
46:01 Hoardings
48:31 Bracer
49:03 Ring Archer Armor
64:23 Cavalier
66:39 Paladin
M3ЯT1N
3:44 Loom
15:15 Feudal Age
16:17 Horse Collar
18:28 Wheelbarrow
23:42 Castle Age
23:03 Town Watch
23:08 Double-Bit Axe
23:27 Gold Mining
23:27 Stone Mining
25:04 Hand Cart
25:20 Town Patrol
27:04 Bow Saw
30:41 Heavy Plow
31:20 Stone Shaft Mining
30:59 Pikeman
31:40 Squires
31:28 Arson
34:12 Forging
34:02 Scale Mail Armor
34:08 Scale Barding Armor
34:21 Caravan
34:52 Coinage
42:07 Imperial Age
44:39 Iron Casting
45:22 Hoardings
45:31 Elite Teutonic Knight
49:10 Blast Furnace
48:26 Chain Mail Armor
48:31 Chain Barding Armor
49:05 Hoardings
52:13 Plate Mail Armor
57:46 Halberdier
64:04 Onager
73:15 Banking
72:55 Guilds
73:25 Plate Barding Armor
76:58 Two-Man Saw
76:35 Crop Rotation
Connection lost

Rejoining the realm…

Still unreachable

The connection could not be restored.

Session expired

The server has moved on; the page needs a fresh start.